 Dungeon Crawl Stone Soup version bcrawl-1.36.2 (webtiles) character file.

Game seed: 3071327676313089061

271408 Morbidden the Nimble (level 9, -4/52 HPs)
             Began as a Jungle Stalker Archaeologist on May 18, 2022.
             Killed from afar by an orc wizard (10 damage)
             ... with a puff of flame
             ... on level 5 of the Dungeon.
             The game lasted 00:09:47 (5310 turns).

Morbidden the Nimble (Jungle Stalker Archaeologist) Turns: 5310, Time: 00:09:48

Health: -4/52      AC:  7    Str: 14    XL:     9   Next: 10%
Magic:  24/24      EV: 17    Int: 14    God:
Gold:   337        SH:  0    Dex: 16    Spells: 15/15 levels left

rFire    . . .     SeeInvis +   a - +0 dagger
rCold    . . .     Gourm    .   (no shield)
rNeg     . . .     Faith    .   c - +1 robe
rPois    +         Spirit   .   d - +0 helmet
rElec    .         Reflect  .   u - +0 cloak
rCorr    .                      (no gloves)
MR       .....                  x - +1 pair of boots
Stlth    +++.......             v - amulet of the acrobat
HPRegen  0.57/turn              h - ring of magical power
MPRegen  0.19/turn              s - ring of see invisible

@: lethally poisoned (-4 -> -4)
A: fangs 3, poison resistance, regeneration 1, acidic bite, no potion heal 3,
rot immunity, strong jaws
a: no special abilities


You were on level 5 of the Dungeon.
You were hungry.

You visited 2 branches of the dungeon, and saw 6 of its levels.

You collected 337 gold pieces.

Inventory:

Hand Weapons
 a - a +0 dagger (weapon)
 b - a +0 blowgun
Missiles
 t - 66 needles of frenzy {=f}
Armour
 c - a +1 robe (worn)
 d - a +0 helmet (worn)
 u - a +0 cloak (worn)
 x - a +1 pair of boots (worn)
Jewellery
 h - a ring of magical power (left hand)
 n - a +6 ring of intelligence
 r - an uncursed ring of flight
 s - a ring of see invisible (right hand)
 v - an amulet of the acrobat (around neck)
Wands
 z - a wand of charming (6)
 D - a wand of iceblast (6)
Scrolls
 g - 2 scrolls of magic mapping
 i - a scroll of identify
 l - 2 scrolls of amnesia
 m - 2 scrolls of fog
 o - 4 scrolls of enchant armour {unknown}
 p - a scroll of noise {unknown}
 w - 2 scrolls of immolation {unknown}
 y - 2 scrolls of remove curse {unknown}
 A - 2 scrolls of enchant weapon {unknown}
 C - a scroll of teleportation {unknown}
Potions
 f - 2 potions of agility {unknown}
 j - a potion of magic {unknown}
 k - 2 potions of ambrosia {unknown}
 q - a potion of resistance {unknown}
 B - a potion of degeneration {unknown}
 F - a potion of curing
Comestibles
 e - 13 rations {!d}
 E - 4 chunks of flesh


   Skills:
 * Level 3.9 Fighting
 * Level 5.6 Short Blades
   Level 0.8 Maces & Flails
 * Level 8.0 Dodging
 + Level 6.5 Stealth
 * Level 3.7 Spellcasting
 + Level 0.3 Evocations


You had 15 spell levels left.
You didn't know any spells.
Your spell library contained the following spells:

 Spells                   Type           Power        Failure   Level  Hunger
 Corona                   Hex            #......      21%         1    None
 Ensorcelled Hibernation  Hex/Ice        #.....       30%         2    None
 Confuse                  Hex            #.......     52%         3    ####...
 Dazzling Orbs            Conj/Hex       #......      52%         3    ####...
 Tukima's Dance           Hex            #.......     52%         3    ####...
 Cause Fear               Hex            #.........   89%         4    #####..


Dungeon Overview and Level Annotations

Branches:
Dungeon (5/12)             Temple (1/1) D:5

Altars:
Ashenzari
Cheibriados
Elyvilon
Gozag
Hepliaklqana
Kikubaaqudgha
Makhleb
Nemelex Xobeh
Okawaru
Qazlal
Trog
Uskayaw
Vehumet
Wu Jian
Xom
Yredelemnul
Zin
The Shining One


Innate Abilities, Weirdness & Mutations

You have razor-sharp teeth.
Your system is resistant to poisons. (rPois)
Your natural rate of healing is unusually fast.
You have acidic saliva.
Potions cannot restore your health.
You are immune to rotting.
Your bites deal extra damage.


Message History

You hit the orc wizard but do no damage.
The orc wizard is heavily wounded.
You feel sick. The orc wizard casts a spell at you. The puff of flame hits you.
The orc wizard hits you with a +0 dagger of venom.
* * * LOW HITPOINT WARNING * * *
The orc hits you with a +0 flail.
* * * LOW HITPOINT WARNING * * *
No path to travel!
You feel sick.
The orc wizard hits you but does no damage.
The orc wizard points at you and mumbles some strange words.
The magic dart hits you but does no damage.
There is a stone staircase leading up here.
You feel sick.
The orc wizard looks encouraged for a moment.
The orc wizard gestures at you while chanting.
The puff of flame hits you!
You die...

.....#...### ### ##.#.#
.8.#)..### #.......#
#.#.# ......## #....
..###.#.# #.#...# #....
....#...# ....### #..#
#.#.##..# .#.##
#..###.#.##..# ...#
#......#.##.>###### ..##
######..#o.#..##..#.....
###
.......@.o........#.....
.........#)#.##.#.......
.....[....)).##...#.....
...........#.####(##....
#.#######..#.# #.......
. ....### ####.... .####
#.... . #.... . #....


You could see an orc wizard and an orc.

Vanquished Creatures
  Pikel (D:4)
  Eustachio (D:4)
  Duvessa (D:5)
  A slave (Temple)
  3 ogres
  A phantom (D:4)
  A centaur (D:5)
  Dowan (D:5)
  3 crimson imps
  A hound (D:3)
  A jelly (D:5)
  An orc wizard (D:5)
  2 bullfrog skeletons (D:5)
  Jessica (D:3)
  Natasha (thrice) (D:3)
  An iguana (D:3)
  3 worker ants
  A hound skeleton (D:4)
  A howler monkey skeleton (D:5)
  7 adders
  A shadow imp (D:5)
  An ooze (D:3)
  An adder skeleton (D:4)
  7 worms
  A dart slug (D:3)
  3 leopard geckos (D:1)
  12 orcs
  A ball python (D:1)
  7 giant cockroaches
  5 goblins
  8 hobgoblins
  3 quokkas
  2 bats
  4 frilled lizards
  5 kobolds
  3 rats
99 creatures vanquished.

Vanquished Creatures (others)
  A human (D:4)
  A howler monkey (D:4)
  2 plants (D:4)
4 creatures vanquished.

Grand Total: 103 creatures vanquished

Notes
Turn   | Place    | Note
-------+----------+-------------------------------------------
     0 | D:1      | Morbidden the Vine Stalker Archaeologist began the quest
                  | for the Orb.
     0 | D:1      | Reached XP level 1. HP: 11/11 MP: 2/2
   443 | D:1      | Reached XP level 2. HP: 16/16 MP: 3/3
   653 | D:1      | Reached skill level 5 in Stealth
  1059 | D:1      | Reached skill level 1 in Fighting
  1064 | D:1      | Reached XP level 3. HP: 20/20 MP: 4/4
  1510 | D:2      | Reached skill level 1 in Spellcasting
  1780 | D:2      | Found a glowing silver altar of Zin.
  1784 | D:2      | Found a white marble altar of Elyvilon.
  1785 | D:2      | Found a glowing golden altar of the Shining One.
  2019 | D:2      | Reached skill level 4 in Dodging
  2092 | D:2      | Reached XP level 4. HP: 25/25 MP: 6/6
  2275 | D:3      | Noticed Jessica
  2285 | D:3      | Reached skill level 1 in Short Blades
  2313 | D:3      | Killed Jessica
  2349 | D:3      | Noticed Natasha
  2363 | D:3      | Killed Natasha
  2445 | D:3      | Reached XP level 5. HP: 23/29 MP: 8/8
  2445 | D:3      | Identified a scroll of acquirement
  2445 | D:3      | Identified the +0 pair of gloves of Riqistog {+Fly rPois
                  | Dex+3} (You acquired it on level 3 of the Dungeon)
  2663 | D:3      | Found a stormy altar of Qazlal.
  2665 | D:3      | Noticed a water elemental
  2670 | D:3      | Noticed an air elemental
  2670 | D:3      | Noticed a fire elemental
  2817 | D:3      | Noticed an ogre
  2846 | D:3      | Killed an ogre
  2847 | D:3      | Gained mutation: You have razor-sharp teeth. [Vine Stalker
                  | growth]
  2847 | D:3      | Reached XP level 6. HP: 5/35 MP: 9/9
  3288 | D:3      | Noticed Natasha
  3314 | D:3      | Killed Natasha
  3382 | D:3      | Reached skill level 5 in Dodging
  3624 | D:4      | Noticed a phantom
  3692 | D:4      | Killed a phantom
  3693 | D:4      | Reached XP level 7. HP: 34/40 MP: 11/11
  3797 | D:4      | Found a hazy altar of Hepliaklqana.
  3797 | D:4      | Found a basalt altar of Yredelemnul.
  3960 | D:4      | Noticed Eustachio
  4045 | D:3      | Noticed Natasha
  4073 | D:3      | Killed Natasha
  4105 | D:4      | Reached skill level 6 in Dodging
  4234 | D:4      | Killed Eustachio
  4235 | D:4      | Gained mutation: You have acidic saliva. [Jungle Stalker
                  | growth]
  4235 | D:4      | Gained mutation: Your system is resistant to poisons.
                  | (rPois) [Jungle Stalker growth]
  4235 | D:4      | Reached XP level 8. HP: 41/46 MP: 13/13
  4469 | D:4      | Found a radiant altar of Vehumet.
  4470 | D:4      | Found a burning altar of Makhleb.
  4532 | D:4      | Found an ancient bone altar of Kikubaaqudgha.
  4587 | D:5      | Entered Level 5 of the Dungeon
  4619 | D:5      | Reached skill level 7 in Dodging
  4629 | D:5      | Noticed a +0 hand axe
  4688 | D:5      | Found a staircase to the Ecumenical Temple.
  4709 | D:5      | Noticed Pikel
  4713 | Temple   | Entered the Ecumenical Temple
  4971 | D:4      | Killed Pikel
  4972 | D:4      | Reached skill level 5 in Short Blades
  5026 | D:5      | Noticed Duvessa
  5030 | D:5      | Found a hide-covered altar of Uskayaw.
  5048 | D:5      | Killed Duvessa
  5049 | D:5      | Reached XP level 9. HP: 45/52 MP: 15/15
  5056 | D:5      | Noticed Dowan
  5063 | D:5      | Noticed a +0 dagger
  5087 | D:5      | Killed Dowan
  5088 | D:5      | Reached skill level 8 in Dodging
  5310 | D:5      | Killed from afar by an orc wizard

Skill      XL: |  1  2  3  4  5  6  7  8  9 |
---------------+----------------------------+-----
Stealth        | 5 6 |  6.5
Fighting       | 1 2 3 |  3.9
Spellcasting   | 1 2 3 |  3.7
Dodging        | 4 5 6 7 8 |  8.0
Short Blades   | 1 2 3 4 5 |  5.6
Maces & Flails | |  0.8
Evocations     | |  0.3

Action                   |  1- 3 |  4- 6 |  7- 9 || total
-------------------------+-------+-------+-------++-------
Melee: Dagger            |   136 |   318 |   343 ||   797
       Unarmed           |     7 |       |       ||     7
       Bite              |    17 |    37 |    40 ||    94
       Whip              |     5 |       |       ||     5
 Fire: Blowgun           |       |       |     6 ||     6
Evoke: Wand              |       |       |     6 ||     6
  Use: Scroll            |     2 |     2 |       ||     4
 Stab: Sleeping          |    11 |     5 |     4 ||    20
  Eat: Chunk             |     5 |    13 |    13 ||    31
Armor: Robe              |    33 |    74 |    61 ||   168
Dodge: Dodged            |    78 |   199 |   225 ||   502
